 Dungeon Crawl Stone Soup version 0.25.0-8-gfd19cd77bd (webtiles) character file.

Game seed: 14829306752681190174

651 Infinimo the Destroyer (level 7, -1/39 HPs)
             Began as a Tengu Conjurer on June 16, 2020.
             Was a Believer of Qazlal.
             Slain by execc's ghost (11 damage)
             ... on level 4 of the Dungeon.
             The game lasted 00:11:20 (5417 turns).

Infinimo the Destroyer (Tengu Conjurer)             Turns: 5417, Time: 00:11:21

Health: -1/39      AC:  4    Str:  8    XL:     7   Next: 53%
Magic:  3/14       EV: 15    Int: 18    God:    Qazlal [**....]
Gold:   124        SH:  2    Dex: 14    Spells: 13/14 levels left

rFire    + . .     SeeInvis .   m - staff of fire
rCold    . . .     Gourm    .   (no shield)
rNeg     . . .     Faith    .   a - +0 robe
rPois    .         Spirit   .   (helmet restricted)
rElec    .         Reflect  .   (no cloak)
rCorr    .         Harm     .   d - +1 pair of gloves
MR       .....                  (boots unavailable)
Stlth    ++........             (no amulet)
HPRegen  0.13/turn              (no ring)
MPRegen  0.14/turn              (no ring)

@: flying quickly and evasively, quick
A: beak, talons 3, able to fly
a: Stop Flying, Upheaval, Renounce Religion


You were on level 4 of the Dungeon.
You worshipped Qazlal.
Qazlal was pleased with you.
You were not hungry.

You visited 1 branch of the dungeon, and saw 4 of its levels.

You collected 124 gold pieces.

Inventory:

Armour
 a - a +0 robe (worn)
 d - a +1 pair of gloves (worn)
Magical Staves
 m - an uncursed staff of fire (weapon)
Wands
 k - a wand of polymorph (14)
Scrolls
 f - 2 scrolls of remove curse
 j - 3 scrolls of identify
Potions
 g - 3 potions of curing
 h - 2 potions of mutation {unknown}
 i - a potion of flight {unknown}
 l - 2 potions of degeneration {unknown}
 n - a potion of ambrosia {unknown}
 o - a potion of cancellation {unknown}
Comestibles
 b - 3 chunks of flesh
 c - 9 rations


   Skills:
 + Level 1.8 Fighting
 - Level 2.1 Dodging
 - Level 2.0 Stealth
 + Level 4.4 Spellcasting
 * Level 9.7 Conjurations


You had 13 spell levels left.
You knew the following spells:

 Your Spells              Type           Power        Failure   Level  Hunger
a - Magic Dart            Conj           ####         1%          1    None

Your spell library contained the following spells:

 Spells                   Type           Power        Failure   Level  Hunger
 Searing Ray              Conj           #####.       1%          2    ##.....
 Dazzling Flash           Conj/Hex       ###...       6%          3    ###....
 Fulminant Prism          Conj/Hex       ###.......   19%         4    ####...
 Iskenderun's Mystic Bla  Conj/Tloc      ###.....     19%         4    ####...


Dungeon Overview and Level Annotations

Branches:
Dungeon (4/15)
 Temple: D:4-7

Altars:
Gozag
Kikubaaqudgha
Makhleb
Nemelex Xobeh
Qazlal
Xom
Yredelemnul

Annotations:
D:4 execc's ghost, novice OpBe


Innate Abilities, Weirdness & Mutations

You have a beak for a mouth.
You have claws for feet.
You can fly continuously.


Message History

Execc's ghost is severely damaged.
Execc's ghost hits you.
Casting: Magic Dart (safe; 1% risk of failure)
Confirm with . or Enter, or press ? or * to list all spells.
Aiming: Magic Dart (safe; 1% risk of failure)
Press: ? - help, Shift-Dir - straight line, f/p - execc's ghost
Aim: execc's ghost (severely damaged)
The magic dart hits execc's ghost.
Execc's ghost is severely damaged.
Execc's ghost hits you!
* * * LOW HITPOINT WARNING * * *
Casting: Magic Dart (safe; 1% risk of failure)
Confirm with . or Enter, or press ? or * to list all spells.
Aiming: Magic Dart (safe; 1% risk of failure)
Press: ? - help, Shift-Dir - straight line, f/p - execc's ghost
Aim: execc's ghost (severely damaged)
The magic dart hits execc's ghost.
Execc's ghost is severely damaged.
Execc's ghost hits you!
You die...

########## #.........
#......... #.........
### #......... #.###
#.........
#...#####.........
#.......#.........
#@#####........... #W#
##......<... ######.#
#....##...# #......#
####(.....# #.####.#
#####.).
#.####.#############..)
#.##.....##........<...
#.#.8...8.#.........##.
#.#.......#.........##.


You could see execc's ghost.

Vanquished Creatures
  Duvessa (D:4)
  A phantom (D:3)
  Dowan (D:4)
  A hound (D:3)
  2 bullfrog skeletons
  2 orc wizards (D:4)
  An iguana (D:3)
  A worker ant (D:4)
  Robin (D:3)
  11 adders
  An ooze (D:1)
  2 dart slugs (D:1)
  4 leopard geckos
  4 orcs
  A ball python (D:1)
  4 giant cockroaches
  17 goblins
  11 hobgoblins
  6 jackals
  6 kobolds
  A quokka (D:2)
  6 bats
  5 frilled lizards
  8 rats
98 creatures vanquished.

Notes
Turn   | Place    | Note
-------+----------+-------------------------------------------
     0 | D:1      | Infinimo the Tengu Conjurer began the quest for the Orb.
     0 | D:1      | Reached XP level 1. HP: 10/10 MP: 4/4
   319 | D:1      | Reached XP level 2. HP: 15/15 MP: 6/6
   807 | D:1      | Reached skill level 6 in Conjurations
  1256 | D:1      | Reached XP level 3. HP: 19/19 MP: 2/7
  1794 | D:2      | Found a basalt altar of Yredelemnul.
  1919 | D:2      | Reached XP level 4. HP: 24/24 MP: 0/9
  2266 | D:2      | Reached skill level 7 in Conjurations
  2517 | D:2      | Found a shimmering altar of Xom.
  2611 | D:2      | Gained mutation: You can fly continuously. [Tengu growth]
  2611 | D:2      | Reached XP level 5. HP: 25/28 MP: 1/10
  3258 | D:3      | Reached skill level 8 in Conjurations
  3373 | D:3      | Found a faded altar of an unknown god.
  3439 | D:3      | Reached XP level 6. HP: 31/32 MP: 4/12
  3463 | D:3      | Became a worshipper of Qazlal Stormbringer
  3463 | D:3      | Reached * piety under Qazlal
  3689 | D:3      | Noticed a phantom
  3749 | D:3      | Killed a phantom
  4201 | D:3      | Noticed Robin
  4210 | D:3      | Killed Robin
  4323 | D:3      | Found a faded altar of an unknown god.
  4323 | D:3      | Found an ancient bone altar of Kikubaaqudgha.
  4328 | D:3      | Found a faded altar of an unknown god.
  4330 | D:3      | Found a burning altar of Makhleb.
  4331 | D:3      | Found a sparkling altar of Nemelex Xobeh.
  4447 | D:3      | You are sucked into a shaft and drop 1 floor!
  4448 | D:4      | Noticed Dowan
  4613 | D:4      | Reached skill level 9 in Conjurations
  4739 | D:4      | Reached XP level 7. HP: 17/37 MP: 4/14
  4946 | D:4      | Found a runed translucent door.
  4946 | D:4      | Noticed execc's ghost (novice OpBe)
  4973 | D:4      | Reached skill level 1 in Fighting
  5034 | D:4      | Noticed Duvessa
  5080 | D:4      | Found an opulent altar of Gozag.
  5228 | D:4      | Killed Dowan
  5264 | D:4      | Killed Duvessa
  5380 | D:4      | Reached ** piety under Qazlal
  5417 | D:4      | Slain by execc's ghost

Illustrated notes

Levels and vault maps discovered:
D:1:      elethiomel_arrival_quiet, layout_basic
D:2:      layout_loops_cross, lemuel_round_altar, marbit_many_paths
D:3:      layout_loops_ring, chequers_temple_overflow_minitemple,
          chequers_ecumenical_altar_twisty, first_ration,
          kennysheep_generic_room_8, uniq_robin
D:4:      layout_rooms, grunt_gozag_statues, ebering_ghost_sewer_d, uniq_duvessa

Skill      XL: |  1  2  3  4  5  6  7 |
---------------+----------------------+-----
Conjurations   | 6 7 8 9 |  9.7
Spellcasting   | 3 4 |  4.4
Fighting       | 1 |  1.8
Dodging        | |  2.1
Stealth        | |  2.0

Action                   |  1- 3 |  4- 6 |  7- 9 || total
-------------------------+-------+-------+-------++-------
Melee: Unarmed           |    54 |    17 |       ||    71
       Kick              |     8 |     2 |       ||    10
       Peck              |     6 |     3 |       ||     9
       Staff             |       |       |    27 ||    27
 Cast: Magic Dart        |    57 |   149 |    42 ||   248
 Abil: Fly               |       |     1 |       ||     1
  Use: Scroll            |     7 |       |       ||     7
       Potion            |       |       |     1 ||     1
 Stab: Sleeping          |     2 |       |       ||     2
  Eat: Chunk             |     4 |     8 |     2 ||    14
Armor: Robe              |    13 |    11 |     4 ||    28
       Skin              |       |       |    34 ||    34
Dodge: Dodged            |    41 |    40 |    13 ||    94
Block: Other             |       |     1 |     3 ||     4
